 Dungeon Sprint DCSS version 0.30.1 (webtiles) character file.

Game seed: 9714744443773886859

272 boopmooplesden the Cruncher (level 8, -10/100 HPs)
             Began as a Demonspawn Gladiator on July 11, 2023.
             Was a Believer of Trog.
             Mangled by a bunyip (13 damage)
             ... in the Dungeon (Sprint VI: "Thunderdome").
             The game lasted 00:04:01 (631 turns).

boopmooplesden the Cruncher (Demonspawn Gladiator)   Turns: 631, Time: 00:04:01

Health: -10/100    AC: 19    Str: 21    XL:     8   Next: 6%
Magic:  8/8        EV: 10    Int: 11    God:    Trog [**....]
Gold:   133        SH:  4    Dex: 18    Spells: 7/7 levels left

rFire   . . .        a - +0 quarterstaff
rCold   . . .        (shield currently unavailable)
rNeg    + . .        s - +0 plate armour
rPois   +            c - +0 helmet
rElec   .            t - +0 cloak of Pandemonium {rN+ Int+3}
rCorr   .            (no gloves)
SInv    .            (no boots)
Will    +++..        p - amulet of Beji {Rampage Fragile Will+ Regen+} Stlth
                     q - ring "Lomik" {rPois Str+5 Int-2 Dex+3 Slay+4}
HPRegen 2.16/turn    (no ring)
MPRegen 0.11/turn

%: no teleportation, rampage
@: berserking, strong-willed, regenerating, very quick
A: icemail 1, sharp scales 1, condensation shield, demonic magic 2
a: Renounce Religion, Berserk, Trog's Hand


You were in the Dungeon.
You worshipped Trog.
Trog was pleased with you.
You visited 1 branch You collected 600 gold pieces.
You spent 467 gold pieces at shops.

Inventory:

Hand Weapons
 a - a +0 quarterstaff (weapon)
Missiles
 d - 3 throwing nets (quivered)
 e - a javelin
Armour
 b - a +0 leather armour
 c - a +0 helmet (worn)
 s - a +0 plate armour (worn)
 t - the +0 cloak of Pandemonium (worn) {rN+ Int+3}
   (You bought it in a shop in the Dungeon)

   Int:       It affects your intelligence (+3).
   rN:        It protects you from negative energy.
Jewellery
 p - the amulet of Beji (around neck) {Rampage Fragile Will+ Regen+}
   (You bought it in a shop in the Dungeon)

   [amulet of regeneration]

   Regen:     It increases your rate of health regeneration.
   Fragile:   It will be destroyed if unequipped.
   Rampage:   It bestows one free step when moving towards enemies.
   Will:      It increases your willpower.
 q - the ring "Lomik" (left hand) {rPois Str+5 Int-2 Dex+3 Slay+4}
   (You bought it in a shop in the Dungeon)

   [ring of slaying]

   Str:       It affects your strength (+5).
   Int:       It affects your intelligence (-2).
   Dex:       It affects your dexterity (+3).
   Slay:      It affects your accuracy & damage with ranged weapons and melee
   (+4).
   rPois:     It protects you from poison.
 r - the ring of Femuagea {rC+ rN+ rCorr}
   (You bought it in a shop in the Dungeon)

   [ring of resist corrosion]

   rC:        It protects you from cold.
   rN:        It protects you from negative energy.
   rCorr:     It protects you from acid and corrosion.
Wands
 m - a wand of light (4)
Scrolls
 k - 2 scrolls of blinking
 o - 3 scrolls of fog
Potions
 f - a potion of curing
 g - 3 potions of heal wounds
 h - 4 potions of haste
 i - 2 potions of magic
 j - a potion of berserk rage
 l - a potion of resistance


   Skills:
 + Level 7.3 Fighting
 + Level 11.4 Staves
 + Level 4.2 Throwing
 + Level 3.9 Armour
 + Level 8.3 Dodging
 + Level 1.1 Stealth
 + Level 1.9 Shields


You had 7 spell levels left.
You didn't know any spells.
Your spell library was empty.

Dungeon Overview and Level Annotations

Branches:
Dungeon (1/1)

Altars:
Cheibriados
Dithmenos
Fedhas
Gozag
Kikubaaqudgha
Makhleb
Okawaru
Qazlal
Ru
Sif Muna
Trog
Uskayaw
Vehumet
Wu Jian
Xom
Yredelemnul
Lugonu

Shops:
D *[??*?*:[((!!!!

Annotations:
D Lernaean hydra


Innate Abilities, Weirdness & Mutations

A meltable icy envelope protects you from harm. (AC +4)
You are partially covered in razor-sharp scales. (AC +1, Slay +1)
A meltable shield of frost defends you. (SH +4)
Spells you cast may paralyse nearby enemies.


Message History

The iceblast engulfs the 27-headed Lernaean hydra!
The 27-headed Lernaean hydra is moderately wounded.
The now-empty wand crumbles to dust.
Okay, then.
Your skin crawls.
You feel strong-willed.
A red film seems to cover your vision as you go berserk!
You feel yourself moving faster!
You feel mighty!
You sock the 27-headed Lernaean hydra!
The 27-headed Lernaean hydra is heavily wounded.
You sock the 27-headed Lernaean hydra!
The 27-headed Lernaean hydra is heavily wounded.
A bunyip comes into view.
The bunyip gives a hideous shriek!
The 27-headed Lernaean hydra bites you but does no damage. x3
The 27-headed Lernaean hydra bites you!
The 27-headed Lernaean hydra bites you but does no damage.
The 27-headed Lernaean hydra bites you!
The 27-headed Lernaean hydra bites you but does no damage. x2
The 27-headed Lernaean hydra bites you. x2
The 27-headed Lernaean hydra bites you! The 27-headed Lernaean hydra bites you.
The 27-headed Lernaean hydra bites you but does no damage.
The 27-headed Lernaean hydra bites you.
The 27-headed Lernaean hydra bites you but does no damage.
The 27-headed Lernaean hydra barely misses you.
The 27-headed Lernaean hydra bites you but does no damage. x2
The 27-headed Lernaean hydra bites you!
The 27-headed Lernaean hydra barely misses you.
The 27-headed Lernaean hydra bites you.
The 27-headed Lernaean hydra bites you but does no damage. x6
Unknown command.
Unknown command.
You bludgeon the 27-headed Lernaean hydra!!
The 27-headed Lernaean hydra is severely wounded.
You bludgeon the 27-headed Lernaean hydra!!
The 27-headed Lernaean hydra is severely wounded.
The bunyip claws you! The bunyip claws you!!
* * * LOW HITPOINT WARNING * * *
The bunyip claws you!
You die...

....÷.....###.............##
.......###...###..........⌠#
.......# #.<.# #..........⌠#
.......###..[###).........⌠#
..........###.............#
........8.# #.8........∩###
∩.__†.....###......___∩##
#####.8.....)...8D######
#⌠..........@x#
###.........### #_......._#
#_..[...._# #_......._#
#∩.......∩# ##∩.....∩##
##.....## ##⌠⌠⌠##


You could see the 27-headed Lernaean hydra and a bunyip.

Vanquished Creatures
  A yak (D)
  A wyvern (D)
  Edmund (D)
  An orc warrior (D)
  An ogre (D)
  A phantom (D)
  A necrophage (D)
  3 scorpions (D)
  2 wights (D)
  2 jellies (D)
  A bat skeleton (D)
  3 endoplasms (D)
  3 giant cockroaches (D)
  A ball python skeleton (D)
22 creatures vanquished.

Notes
Turn   | Place    | Note
-------+----------+-------------------------------------------
     0 | D        | boopmooplesden the Demonspawn Gladiator began the quest for
                  | the Orb.
     0 | D        | Reached XP level 1. HP: 16/16 MP: 1/1
     0 | D        | Found a basalt altar of Yredelemnul.
     0 | D        | Found a burning altar of Makhleb.
     4 | D        | Found a stormy altar of Qazlal.
     5 | D        | Found a snail-covered altar of Cheibriados.
     5 | D        | Round 1.
     6 | D        | Found a radiant altar of Vehumet.
     6 | D        | Found Axavvi's Identification Station.
     7 | D        | Found Wywofur's Jewellery.
     7 | D        | Found Bainuc's Advanced Armour.
    15 | D        | Bought a coiled tin amulet for 45 gold pieces
    15 | D        | Identified the amulet of Beji {Rampage Fragile Will+
                  | Regen+} (You bought it in a shop in the Dungeon)
    15 | D        | Bought a vibrating brass ring for 45 gold pieces
    15 | D        | Identified the ring "Lomik" {rPois Str+5 Int-2 Dex+3
                  | Slay+4} (You bought it in a shop in the Dungeon)
    15 | D        | Bought a twitching granite ring for 45 gold pieces
    15 | D        | Identified the ring of Femuagea {rC+ rN+ rCorr} (You bought
                  | it in a shop in the Dungeon)
    15 | D        | Noticed a scorpion
    30 | D        | Killed a scorpion
    31 | D        | Reached skill level 5 in Staves
    31 | D        | Gained mutation: A meltable shield of frost defends you.
                  | (SH +4) [demonic ancestry]
    31 | D        | Reached XP level 2. HP: 23/24 MP: 2/2
    31 | D        | Gained mutation: Spells you cast may paralyse adjacent
                  | enemies. [demonic ancestry]
    31 | D        | Reached XP level 3. HP: 27/29 MP: 3/3
    33 | D        | Reached skill level 5 in Dodging
    38 | D        | Found a hide-covered altar of Uskayaw.
    42 | D        | Found an opulent altar of Gozag.
    43 | D        | Found an iron altar of Okawaru.
    44 | D        | Found Niw Ceepo's Premium Goods.
    45 | D        | Found a blossoming altar of Fedhas.
    45 | D        | Found Tuurepp's Weapon Rack.
    45 | D        | Found Wofaibuf's Miscellaneous Merchandise.
    45 | D        | Found Velaash's Basic Armour.
    45 | D        | Noticed a scorpion
    52 | D        | Killed a scorpion
    53 | D        | Reached skill level 6 in Staves
    53 | D        | Reached XP level 4. HP: 37/37 MP: 4/4
    54 | D        | Found a bloodstained altar of Trog.
    55 | D        | Found an ancient bone altar of Kikubaaqudgha.
    56 | D        | Found Kiughuhei's Do-It-Yourself Clinic.
    56 | D        | Found an ornate altar of the Wu Jian Council.
    56 | D        | Found a sacrificial altar of Ru.
    56 | D        | Found Qiup's Distillery.
    57 | D        | Found Emitz's Bottled Wisdom.
    57 | D        | Found Kume's Distillery.
    60 | D        | Found a shimmering blue altar of Sif Muna.
    61 | D        | Found a corrupted altar of Lugonu.
    62 | D        | Found a shimmering altar of Xom.
    63 | D        | Found a shadowy altar of Dithmenos.
    63 | D        | Found Taonwacu's Staff Store.
    63 | D        | Found Iheuteux's Magic Scroll Shop.
    64 | D        | Found Castagh's Must-Have Magic.
    64 | D        | Found Coesk's Magic Scroll Shop.
   141 | D        | Arena points: 12 (+12) [x2]
   202 | D        | Round 2.
   255 | D        | Reached skill level 1 in Armour
   255 | D        | Gained mutation: You are partially covered in razor-sharp
                  | scales. (AC +1, Slay +1) [demonic ancestry]
   255 | D        | Reached XP level 5. HP: 16/42 MP: 5/5
   283 | D        | Arena points: 48 (+36) [x3]
   284 | D        | Reached skill level 7 in Staves
   311 | D        | Round 3.
   319 | D        | Noticed a phantom
   326 | D        | Killed a phantom
   327 | D        | Reached skill level 5 in Fighting
   327 | D        | Reached skill level 8 in Staves
   327 | D        | Gained mutation: Spells you cast may paralyse nearby
                  | enemies. [demonic ancestry]
   327 | D        | Reached XP level 6. HP: 51/51 MP: 6/6
   350 | D        | Reached skill level 9 in Staves
   350 | D        | Arena points: 132 (+84) [x4]
   361 | D        | Became a worshipper of Trog the Wrathful
   405 | D        | Round 4.
   420 | D        | Noticed an orc warrior
   431 | D        | Killed an orc warrior
   432 | D        | Reached skill level 1 in Shields
   485 | D        | Noticed Edmund
   503 | D        | Killed Edmund
   504 | D        | Reached skill level 10 in Staves
   504 | D        | Gained mutation: A meltable icy envelope protects you from
                  | harm. (AC +4) [demonic ancestry]
   504 | D        | Reached XP level 7. HP: 54/59 MP: 7/7
   531 | D        | Noticed a wyvern
   532 | D        | Noticed a yak
   540 | D        | Killed a wyvern
   540 | D        | Reached * piety under Trog
   550 | D        | Killed a yak
   551 | D        | Reached skill level 11 in Staves
   564 | D        | Reached skill level 1 in Stealth
   570 | D        | Reached ** piety under Trog
   570 | D        | Arena points: 272 (+140) [x5]
   571 | D        | Reached XP level 8. HP: 63/67 MP: 8/8
   590 | D        | Bought a polished cloak for 332 gold pieces
   590 | D        | Identified the +0 cloak of Pandemonium {rN+ Int+3} (You
                  | bought it in a shop in the Dungeon)
   605 | D        | Round 5.
   612 | D        | Noticed the 27-headed Lernaean hydra
   629 | D        | Noticed a bunyip
   631 | D        | HP: 3/100 [bunyip (31)]
   631 | D        | Mangled by a bunyip

Illustrated notes

Levels and vault maps discovered:
D:        arena_sprint

Skill      XL: |  1  2  3  4  5  6  7 |
---------------+----------------------+-----
Fighting       | 3 5 6 7 |  7.3
Staves         | 5 6 8 10 11 | 11.4
Throwing       | 2 3 4 |  4.2
Dodging        | 4 5 6 7 8 |  8.3
Armour         | 1 2 3 |  3.9
Shields        | 1 |  1.9
Stealth        | 1 |  1.1

Action                     |  1- 3 |  4- 6 |  7- 9 || total
---------------------------+-------+-------+-------++-------
  Melee: Quarterstaff      |    12 |    53 |    25 ||    90
 Invoke: Berserk           |       |       |     1 ||     1
         Trog's Hand       |       |       |     1 ||     1
  Evoke: Wand              |       |       |     6 ||     6
    Use: Potion            |     1 |       |       ||     1
         Scroll            |       |       |     2 ||     2
 Armour: Leather armour    |     1 |     6 |       ||     7
         Plate armour      |       |     5 |    23 ||    28
  Dodge: Dodged            |     8 |    17 |     9 ||    34
  Block: Other             |     1 |     6 |     1 ||     8
